Map: Prion Terraces

Players

LMLelas

  • Race: Zerg Zerg
  • League: Silver

jaav - Winner!

  • Race: Protoss Protoss
  • League: Silver

VOD

Have the link to the VOD?

Description

Time

  • Played on: May 15, 2016, 2:51 p.m.
  • Length: 13:40
Show
View Real Time Build Order
Export as new Build Order

LMLelas Zerg 

Build Orders: Hatch First 

Get SALT Encoding   

  12  0:01  Drone  
  13  0:08  Drone  
  13  0:13  Extractor  
  13  0:18  Drone  
  15  0:23  Overlord  
  15  0:41  Drone x2  
  17  0:48  Drone  
  18  1:00  Drone  
  18  1:02  Hatchery  
  18  1:08  Drone  
  19  1:16  Spawning Pool  
  18  1:20  Extractor  
  18  1:23  Drone  
  18  1:31  Drone  
  19  1:38  Overlord  
  19  2:04  Queen  
  19  2:07  Zergling x2  
  19  2:08  Zergling x2  
  23  2:18  Drone x2  
  23  2:20  Queen  
  27  2:38  Drone x4  
  27  2:40  Queen  
  27  2:41  Metabolic Boost  
  33  2:49  Drone  
  33  2:50  Drone  
  35  2:56  Roach Warren  
  34  3:13  Overlord, Drone  
  34  3:14  Overlord  
  34  3:18  Extractor  
  34  3:28  Evolution Chamber, Lair  
  34  3:31  Drone  
  34  3:32  Drone x5  
  39  3:47  Extractor  
  40  4:10  Roach x6  
  40  4:13  Zerg Missile Weapons Level 1  
  50  4:28  Roach x3  
  46  4:45  Roach  
  46  4:46  Roach x3  
  46  4:54  Roach x2  
  20  6:03  Queen  
  22  6:05  Drone  
  22  6:06  Drone x5  
  28  6:26  Hatchery  
  28  6:27  Drone  
  28  6:28  Drone  
  29  6:42  Hatchery  
  28  7:10  Drone x7  
  35  7:15  Spine Crawler  
  34  7:26  Extractor  
  33  7:49  Queen  
  35  7:53  Drone  
  35  7:54  Drone x8  
  35  7:55  Queen  
  46  8:06  Spine Crawler, Zergling x2  
  46  8:07  Zergling x14  
  53  8:35  Zergling x2  
  53  8:36  Overlord, Zergling x4  
  53  8:37  Overlord x4  
  56  8:57  Zergling x26  
  56  8:58  Zergling x2  
  70  9:05  Zergling x8  
  70  9:06  Zergling x8  
  70  9:08  Zerg Melee Weapons Level 1  
  78  9:21  Zergling x6  
  78  9:22  Zergling x8  
  80  9:26  Zergling x2  
  80  9:27  Zergling x6  
  70  9:38  Zergling x14  
  57  9:46  Zergling x2  
  49  9:55  Zergling x14  
  31  10:12  Spine Crawler  
  29  10:16  Spine Crawler  
  29  10:18  Spine Crawler  
  27  10:25  Zergling x2  
  26  10:35  Zergling x14  
  27  10:36  Zergling x16  
  40  10:43  Zergling x4  
  25  11:13  Zergling x10  
  28  11:20  Zergling x2  
  29  11:36  Drone  
  29  11:37  Drone  
  31  11:40  Drone  
  32  12:09  Drone x4  
  32  12:10  Drone  
  36  12:43  Zergling x2  
  36  12:44  Zergling x8  
  40  13:06  Zergling x16  
Show
View Real Time Build Order
Export as new Build Order

jaav Protoss - Winner!

Build Orders:  

Get SALT Encoding   

  12  0:01  Probe (Chrono Boost)  
  13  0:12  Probe (Chrono Boost)  
  14  0:22  Probe (Chrono Boost)  
  14  0:23  Pylon  
  15  0:31  Assimilator  
  15  0:41  Probe (Chrono Boost)  
  16  0:44  Gateway  
  16  0:52  Probe (Chrono Boost)  
  17  1:02  Probe (Chrono Boost), Gateway  
  18  1:10  Pylon  
  18  1:18  Probe (Chrono Boost)  
  19  1:28  Pylon  
  19  1:31  Zealot  
  21  1:40  Gateway  
  21  1:46  Probe (Chrono Boost)  
  22  1:54  Zealot  
  22  1:56  Probe (Chrono Boost)  
  25  2:02  Assimilator  
  25  2:04  Zealot  
  27  2:11  Probe (Chrono Boost)  
  28  2:21  Zealot  
  30  2:30  Gateway  
  30  2:32  Zealot (Chrono Boost)  
  30  2:36  Zealot (Chrono Boost)  
  34  2:43  Pylon  
  34  2:48  Probe (Chrono Boost)  
  35  2:51  Zealot (Chrono Boost)  
  37  3:02  Zealot (Chrono Boost)  
  39  3:08  Pylon  
  41  3:13  Zealot (Chrono Boost)  
  41  3:16  Zealot (Chrono Boost)  
  43  3:25  Probe, Zealot (Chrono Boost)  
  46  3:37  Cybernetics Core  
  46  3:47  Zealot (Chrono Boost)  
  50  3:52  Zealot (Chrono Boost)  
  50  4:14  Nexus  
  50  4:19  Assimilator  
  50  4:23  Assimilator  
  49  5:00  Probe  
  49  5:03  Stalker (Chrono Boost)  
  55  5:07  Stalker x2 (Chrono Boost)  
  55  5:12  Probe  
  50  5:24  Probe  
  43  5:36  Probe  
  40  5:44  Probe  
  40  5:48  Probe  
  42  5:50  Warp Gate  
  42  5:52  Stalker (Chrono Boost)  
  42  5:54  Probe  
  42  5:56  Stalker x3 (Chrono Boost)  
  47  6:04  Gateway  
  45  6:05  Probe  
  45  6:06  Gateway  
  46  6:15  Probe  
  46  6:17  Pylon  
  47  6:26  Probe  
  47  6:29  Stalker (Chrono Boost)  
  52  6:33  Stalker (Chrono Boost)  
  52  6:36  Probe  
  57  6:41  Zealot (Chrono Boost)  
  57  6:42  Zealot (Chrono Boost)  
  57  6:44  Forge  
  57  6:47  Probe  
  57  6:49  Twilight Council  
  58  6:57  Probe, Stalker (Chrono Boost)  
  65  7:03  Stalker (Chrono Boost)  
  65  7:04  Zealot (Chrono Boost)  
  65  7:07  Zealot (Chrono Boost)  
  67  7:15  Twilight Council  
  67  7:20  Protoss Shields Level 1 (Chrono Boost)  
  71  7:23  Zealot (Chrono Boost)  
  71  7:26  Stalker (Chrono Boost)  
  71  7:27  Zealot (Chrono Boost)  
  75  7:33  Stalker (Chrono Boost)  
  75  7:36  Probe  
  78  7:46  Stalker (Chrono Boost)  
  78  7:53  Pylon  
  78  7:56  Pylon  
  78  8:08  Charge  
  78  8:09  Blink  
  78  8:10  Probe  
  79  8:26  Pylon  
  79  8:30  Pylon  
  79  8:33  Stalker x2  
  79  8:34  Stalker  
  85  8:37  Zealot x3  
  91  8:55  Nexus  
  91  9:01  Assimilator  
  91  9:03  Assimilator  
  91  9:07  Pylon  
  91  9:08  Pylon  
  91  9:12  Pylon  
  91  9:15  Protoss Ground Weapons Level 1 (Chrono Boost)  
  91  9:19  Pylon  
  91  9:22  Pylon  
  75  9:38  Zealot x2  
  75  9:39  Zealot x4  
  87  10:02  Photon Cannon  
  87  10:05  Photon Cannon  
  87  10:10  Probe  
  88  10:15  Probe  
  88  10:21  Probe  
  89  10:25  Probe  
  89  10:26  Probe  
  92  10:31  Probe  
  93  10:36  Probe  
  93  10:37  Probe  
  93  10:42  Probe  
  95  10:47  Probe  
  95  10:49  Probe, Photon Cannon  
  98  10:50  Photon Cannon  
  98  10:51  Photon Cannon  
  98  10:52  Photon Cannon  
  98  10:53  Probe, Pylon  
  98  10:54  Protoss Ground Armor Level 1 (Chrono Boost)  
  99  10:57  Probe  
  99  11:03  Stalker x2  
  99  11:04  Stalker  
  106  11:07  Mothership Core  
  102  11:18  Zealot x2  
  102  11:19  Zealot  
  106  11:34  Robotics Facility  
  106  11:35  Robotics Facility  
  106  11:37  Stargate  
  106  11:39  Stargate  
  106  11:44  Dark Shrine  
  106  12:09  Nexus  
  106  12:11  Zealot x2  
  106  12:13  Assimilator  
  110  12:17  Assimilator  
  110  12:21  Pylon  
  110  12:25  Pylon  
  110  12:35  Void Ray  
  110  12:36  Void Ray  
  116  12:44  Immortal  
  120  12:55  Photon Cannon  
Tags
 
Add a new tag
Caveats
  • Supply blocks, unpowered buildings, or Contaminate may cause inaccurate times.
  • Supply counts are checked every 10 seconds.